 Dungeon Crawl Stone Soup version 0.27.1 (webtiles) character file.

Game seed: 17673480650047426860

3346 acemry the Cleaver (level 9, 0/78 HPs)
             Began as a Minotaur Fighter on Sept 4, 2021.
             Was an Elder of Okawaru.
             Killed from afar by an orc sorcerer (26 damage)
             ... with a bolt of fire
             ... in a bailey.
             The game lasted 00:12:18 (7595 turns).

acemry the Cleaver (Minotaur Fighter)               Turns: 7595, Time: 00:12:19

Health: 0/78       AC: 18    Str: 23    XL:     9   Next: 72%
Magic:  8/8        EV:  6    Int:  5    God:    Okawaru [****..]
Gold:   282        SH:  0    Dex: 11    Spells: 8/8 levels left

rFire    . . .     SeeInvis +   a - +1 war axe (drain)
rCold    + . .     Faith    .   (no shield)
rNeg     . . .     Spirit   .   y - +3 plate armour
rPois    .         Reflect  .   (helmet restricted)
rElec    .         Harm     .   (no cloak)
rCorr    .         Rampage  .   f - +2 pair of gloves
Will     .....                  (no boots)
Stlth    ..........             e - amulet of the acrobat
HPRegen  0.23/turn              i - ring of see invisible
MPRegen  0.11/turn              B - ring of protection from cold

@: lethally poisoned (0 -> -25)
A: horns 2, retaliatory headbutt
a: Renounce Religion, Heroism


You were in a bailey.
You worshipped Okawaru.
Okawaru was greatly pleased with you.
You visited 2 branches of the dungeon, and saw 8 of its levels.
You also visited: Bailey.

You collected 326 gold pieces.
You spent 44 gold pieces at shops.

Inventory:

Hand Weapons
 a - a +1 war axe of draining (weapon)
 u - a +0 shortbow
Missiles
 l - 7 atropa-tipped darts
 n - 2 curare-tipped darts
 r - 8 poisoned darts (quivered)
 v - 66 arrows
Armour
 b - a +0 scale mail
 c - a +0 kite shield
 f - a +2 pair of gloves (worn)
 y - a +3 plate armour (worn)
Jewellery
 e - an amulet of the acrobat (around neck)
 i - a ring of see invisible (left hand)
 B - a ring of protection from cold (right hand)
Wands
 A - a wand of acid (9)
Scrolls
 h - a scroll of fog
 k - 2 scrolls of magic mapping
 p - 2 scrolls of teleportation
 s - a scroll of blinking
 t - 2 scrolls of enchant armour
 w - a scroll of identify
Potions
 d - 2 potions of might
 g - 2 potions of ambrosia
 j - a potion of berserk rage
 m - a potion of heal wounds
 o - 2 potions of curing {unknown}
 q - a potion of lignification {unknown}
 x - a potion of invisibility {unknown}
 z - a potion of haste {unknown}


   Skills:
 * Level 6.6 Fighting
 - Level 0.1(0.3) Short Blades
 - Level 0.5(0.6) Long Blades
 - Level 14.0 Axes
 - Level 0.2 Staves
 - Level 0.1 Slings
 - Level 0.1 Crossbows
 + Level 5.8 Armour
 - Level 3.6 Shields
 - Level 0.1 Conjurations
 - Level 0.2 Necromancy
 - Level 0.1 Transmutations
 - Level 0.1 Fire Magic
 - Level 0.1 Ice Magic
 - Level 0.1 Earth Magic
 - Level 1.2 Evocations


You had 8 spell levels left.
You didn't know any spells.
Your spell library contained the following spells:

 Spells                   Type           Power      Damage    Failure   Level
 Magic Dart               Conj           0%         1d3       100%        1
 Call Imp                 Summ           0%         N/A       100%        2
 Gell's Gravitas          Tloc           0%         N/A       100%        3
 Lesser Beckoning         Tloc           0%         N/A       100%        3
 Mephitic Cloud           Conj/Pois/Air  0%         N/A       100%        3
 Teleport Other           Tloc           0%         N/A       100%        3
 Animate Dead             Necr           0%         N/A       100%        4
 Borgnjor's Vile Clutch   Necr/Erth      0%         N/A       100%        5
 Death Channel            Necr           0%         N/A       100%        6


Dungeon Overview and Level Annotations

Branches:
Dungeon (7/15)             Temple (1/1) D:6          Bailey (1/1)

Altars:
Cheibriados
Dithmenos
Elyvilon
Fedhas
Gozag
Kikubaaqudgha
Okawaru
Qazlal
Ru
Sif Muna
Trog
Uskayaw
Vehumet
Wu Jian
Xom
Yredelemnul
Zin
The Shining One

Shops:
D:3 *


Innate Abilities, Weirdness & Mutations

You have a pair of horns on your head.
You reflexively headbutt those who attack you in melee.


Message History

The orc sorcerer hits you but does no damage.
The orange demon closely misses you.
The hobgoblin hits you but does no damage.
The smoke demon gestures at you. Something smites you!
You barely miss the orc sorcerer. Your headbutt misses the orc sorcerer.
The orc sorcerer is almost dead.
Your plate armour prevents you from hitting the smoke demon.
You hit the hobgoblin but do no damage.
You feel sick. The orc sorcerer casts a spell at you.
The bolt of negative energy misses you.
The hobgoblin hits you but does no damage.
The orange demon stings you from afar.
The smoke demon hits you but does no damage. x3
You closely miss the orc sorcerer.
The orc sorcerer is almost dead.
You hit the smoke demon but do no damage.
Your plate armour prevents you from hitting the hobgoblin.
The orc sorcerer hits you with a +0 war axe.
* * * LOW HITPOINT WARNING * * *
You feel much better.
You feel sick. The orange demon completely misses you.
The hobgoblin closely misses you.
The smoke demon hits you but does no damage. x2
The smoke demon hits you.
The orc sorcerer hits you but does no damage.
You closely miss the orc sorcerer.
The orc sorcerer is almost dead.
You hit the smoke demon. You hit the hobgoblin but do no damage.
You drain the hobgoblin.
You feel sick. The orange demon stings you from afar!
You are more poisoned.
The orange demon poisons you!
The hobgoblin hits you with a +0 hand axe.
The smoke demon hits you but does no damage.
The smoke demon barely misses you.
The smoke demon hits you but does no damage.
The orc sorcerer gestures at you while chanting.
The bolt of fire hits the hobgoblin!!!
The hobgoblin dies!
The bolt of fire hits you!!
You die...

######≈≈≈≈...≈≈≈≈######
#...........#
#####'''#####
#..')))..+ #..'.....+
####..#..⌠..#
#.....#.....#
#.8..3#.....#
#.4o@.#######
#.8)####### #..og......
#.8.)g..... +........_.
##+#....... #######
[..+ [..#


You could see an orange demon (summoned), a smoke demon (summoned) and 2 orc
sorcerers.

Vanquished Creatures
  Grinder (D:6)
  A water moccasin (D:7)
  Duvessa (D:6)
  2 orc warriors
  3 sky beasts
  An ice beast (D:5)
  2 necrophages
  2 ogres
  2 black bears (D:6)
  3 centaurs
  3 phantoms
  A bullfrog (D:6)
  A scorpion (D:7)
  A water moccasin skeleton (D:4)
  Dowan (D:6)
  2 centaur zombies
  A bullfrog zombie (D:5)
  A hound (D:7)
  2 bullfrog skeletons (D:6)
  2 orc priests
  A jelly (D:6)
  A gnoll shaman (D:6)
  3 iguanas
  3 scorpion zombies
  3 orc wizards
  3 hound zombies (D:4)
  2 hound skeletons
  A howler monkey zombie (D:4)
  8 gnolls
  5 adders
  A shadow imp (D:7)
  2 white imps (D:6)
  2 ufetubi
  2 adder skeletons (D:4)
  3 worms
  4 dart slugs
  15 orcs
  6 bats
  5 endoplasms
  2 giant cockroaches
  9 goblins
  17 hobgoblins
  6 jackals
  4 quokkas
  7 ball pythons
  2 frilled lizards
  A jackal zombie (D:4)
  6 kobolds
  A quokka zombie (D:4)
  8 rats
166 creatures vanquished.

Vanquished Creatures (others)
  A hobgoblin (Bailey)
  3 withered plants (D:4)
4 creatures vanquished.

Grand Total: 170 creatures vanquished

Notes
Turn   | Place    | Note
-------+----------+-------------------------------------------
     0 | D:1      | acemry the Minotaur Fighter began the quest for the Orb.
     0 | D:1      | Reached XP level 1. HP: 19/19 MP: 0/0
    72 | D:1      | Reached skill level 3 in Axes
   192 | D:1      | Reached XP level 2. HP: 26/26 MP: 1/1
   197 | D:1      | Found a faded altar of an unknown god.
   469 | D:1      | Reached skill level 4 in Axes
   653 | D:1      | Reached XP level 3. HP: 31/31 MP: 2/2
  1070 | D:2      | Reached skill level 5 in Axes
  1248 | D:2      | Found a radiant altar of Vehumet.
  1421 | D:3      | Reached XP level 4. HP: 30/39 MP: 3/3
  1761 | D:3      | Found an iron altar of Okawaru.
  1761 | D:3      | Found a glowing golden altar of the Shining One.
  1829 | D:3      | Became a worshipper of Warmaster Okawaru
  1858 | D:3      | Found a snail-covered altar of Cheibriados.
  1865 | D:3      | Noticed a sky beast
  1876 | D:3      | Killed a sky beast
  1877 | D:3      | Reached skill level 7 in Axes
  1877 | D:3      | Reached XP level 5. HP: 27/45 MP: 4/4
  2270 | D:3      | Found Ubefroj's Assorted Antiques.
  2306 | D:3      | Bought a scroll labelled DIFOEB LEUFAUV for 22 gold pieces
  2306 | D:3      | Bought a scroll labelled ZUSMYSY XEBBEM for 22 gold pieces
  2626 | D:4      | Reached XP level 6. HP: 39/51 MP: 5/5
  2706 | D:4      | Reached skill level 8 in Axes
  2755 | D:4      | Reached * piety under Okawaru
  2880 | D:4      | Reached skill level 9 in Axes
  2944 | D:4      | Reached XP level 7. HP: 57/57 MP: 6/6
  3989 | D:5      | Entered Level 5 of the Dungeon
  3997 | D:5      | Reached skill level 10 in Axes
  4196 | D:5      | Reached ** piety under Okawaru
  4297 | D:5      | Reached skill level 11 in Axes
  4437 | D:5      | Reached XP level 8. HP: 61/64 MP: 7/7
  4645 | D:5      | Identified the +2 falchion of Destruction {flame, rElec}
  5453 | D:6      | Found a staircase to the Ecumenical Temple.
  5465 | D:6      | Reached skill level 12 in Axes
  5468 | Temple   | Entered the Ecumenical Temple
  5601 | D:6      | Noticed Grinder
  5601 | D:6      | Paralysed by Grinder for 4 turns
  5870 | D:6      | Killed Grinder
  5870 | D:6      | Reached *** piety under Okawaru
  5871 | D:6      | Reached skill level 13 in Axes
  6065 | D:6      | Reached XP level 9. HP: 69/70 MP: 8/8
  6207 | D:6      | Noticed Duvessa
  6207 | D:6      | Noticed Dowan
  6214 | D:6      | Killed Dowan
  6222 | D:6      | Killed Duvessa
  6223 | D:6      | Reached skill level 14 in Axes
  6223 | D:6      | Reached skill level 1 in Evocations
  7279 | D:7      | Reached **** piety under Okawaru
  7280 | D:7      | Reached skill level 5 in Fighting
  7324 | D:7      | Found a flagged portal.
  7343 | D:7      | Reached skill level 5 in Armour
  7351 | Bailey   | Entered a bailey
  7574 | Bailey   | Found an iron altar of Okawaru.
  7574 | Bailey   | Noticed an orc sorcerer
  7574 | Bailey   | Noticed an orc sorcerer
  7580 | Bailey   | Paralysed by an orc sorcerer for 7 turns
  7581 | Bailey   | Noticed an orange demon
  7587 | Bailey   | Noticed a smoke demon
  7595 | Bailey   | Killed from afar by an orc sorcerer

Illustrated notes

Levels and vault maps discovered:
D:1:      dpeg_arrival_long_road, layout_basic, shapermc_ecumenical_altar_venn,
          corner_web_ring
D:2:      layout_basic, basic_altar
D:3:      minmay_spotlight, layout_loops_cross,
          mainiacjoe_overflow_cross_hatched, mainiacjoe_overflow_divided_tiny,
          serial_shops, shop_statue, serial_glass, glass_columns_a,
          glass_columns_a, glass_columns_a, glass_columns_a, glass_columns_b
D:4:      layout_layer_cave, serial_undead, serial_undead_d, serial_undead_b,
          serial_undead_d, serial_undead_e, serial_undead_d, serial_undead_c,
          serial_undead_b
D:5:      layout_basic, serial_bayou_pond_e
D:6:      layout_basic, minmay_temple_entry_antechambers, serial_curves,
          eino_curves_02, eino_curves_02, grunt_decor_junction, glass_columns_b,
          uniq_duvessa, uniq_grinder
D:7:      layout_cave_pools, mainiacjoe_overflow_big_doors, serial_shops, shop,
          enter_bailey_5, supply_closet_lemuel, chequers_serial_rivers_small_b
Temple:   regret_index_temple_waves
Bailey:   bailey_axe_of_yendor_kennysheep, bailey

Skill      XL: |  1  2  3  4  5  6  7  8  9 |
---------------+----------------------------+-----
Axes           | 3 4 5 7 9 11 13 14 | 14.0
Evocations     | 1 |  1.2
Fighting       | 6 |  6.6
Armour         | 5 |  5.8
Short Blades   | |  0.1
Long Blades    | |  0.5
Staves         | |  0.2
Slings         | |  0.1
Crossbows      | |  0.1
Shields        | |  3.6
Conjurations   | |  0.1
Necromancy     | |  0.2
Transmutations | |  0.1
Fire Magic     | |  0.1
Ice Magic      | |  0.1
Earth Magic    | |  0.1

Action                   |  1- 3 |  4- 6 |  7- 9 || total
-------------------------+-------+-------+-------++-------
Melee: War axe           |    70 |    91 |   246 ||   407
       Headbutt          |     8 |    24 |    45 ||    77
  Use: Scroll            |     7 |     3 |     6 ||    16
       Potion            |       |       |     2 ||     2
Armor: Scale mail        |    38 |    46 |    80 ||   164
       Plate armour      |       |       |    91 ||    91
Dodge: Dodged            |    55 |    69 |   142 ||   266
